Map: Cactus Valley LE (Void)

Players

Javert - Winner!

  • Race: Zerg Zerg
  • League: Grandmaster

Nobito

  • Race: Protoss Protoss
  • League: Grandmaster

VOD

Have the link to the VOD?

Description

Time

  • Played on: June 13, 2015, 2:01 a.m.
  • Length: 8:21
Show
View Real Time Build Order
Export as new Build Order

Javert Zerg - Winner!

Build Orders: Hatch First 

Get SALT Encoding   

  12  0:01  Drone  
  13  0:13  Overlord  
  13  0:19  Drone  
  14  0:32  Drone x2  
  16  0:49  Hatchery  
  15  0:54  Drone  
  15  0:56  Extractor  
  15  1:05  Drone  
  16  1:12  Drone  
  17  1:20  Drone  
  17  1:21  Spawning Pool  
  17  1:29  Drone  
  18  1:37  Drone  
  19  1:44  Overlord  
  19  2:02  Drone x3  
  19  2:08  Metabolic Boost  
  22  2:09  Queen  
  22  2:12  Queen  
  26  2:22  Zergling x4  
  28  2:24  Zergling x4  
  30  2:35  Zergling x4  
  32  2:47  Zergling x4  
  34  2:55  Overlord  
  34  3:04  Drone  
  35  3:13  Drone  
  35  3:14  Drone  
  37  3:24  Drone x4  
  37  3:25  Drone x4  
  40  3:45  Drone  
  40  3:46  Drone x3  
  41  3:56  Drone x2  
  41  3:59  Hatchery  
  42  4:06  Roach Warren  
  41  4:14  Overlord x2  
  41  4:24  Lair, Extractor  
  40  4:25  Extractor  
  40  4:26  Extractor  
  40  4:27  Drone x6  
  44  4:47  Overlord x2  
  44  4:51  Drone x10  
  54  4:59  Evolution Chamber  
  53  5:02  Overlord  
  53  5:15  Roach x7  
  53  5:19  Queen  
  69  5:25  Zerg Missile Weapons Level 1  
  69  5:26  Hydralisk Den  
  69  5:28  Glial Reconstitution  
  68  5:40  Drone x9  
  77  5:47  Overlord x2  
  77  5:54  Drone x5  
  77  5:55  Drone x2  
  84  6:00  Muscular Augments  
  84  6:09  Zergling x10  
  89  6:16  Drone x3  
  92  6:48  Hydralisk  
  92  6:49  Hydralisk x6  
  97  7:27  Zergling x12  
  97  7:28  Zergling x14  
  106  7:35  Overlord, Extractor  
  106  7:36  Extractor  
  98  8:01  Drone x9  
  98  8:04  Spire  
Show
View Real Time Build Order
Export as new Build Order

Nobito Protoss 

Build Orders: Double Forge, Nexus First 

Get SALT Encoding   

  12  0:01  Probe  
  13  0:13  Probe  
  14  0:21  Pylon  
  14  0:39  Probe (Chrono Boost)  
  15  0:48  Probe (Chrono Boost)  
  16  0:56  Probe (Chrono Boost)  
  17  1:05  Nexus  
  17  1:08  Probe (Chrono Boost)  
  18  1:15  Gateway  
  18  1:18  Probe (Chrono Boost)  
  19  1:22  Assimilator  
  19  1:28  Probe  
  20  1:34  Pylon  
  20  1:40  Probe (Chrono Boost)  
  21  1:51  Probe (Chrono Boost)  
  22  1:57  Probe  
  23  2:02  Cybernetics Core  
  23  2:05  Zealot  
  25  2:12  Assimilator  
  25  2:13  Probe (Chrono Boost)  
  26  2:17  Probe (Chrono Boost)  
  27  2:29  Probe x2 (Chrono Boost)  
  29  2:35  Probe  
  30  2:48  Mothership Core  
  30  2:50  Assimilator  
  32  2:59  Robotics Facility  
  32  3:01  Pylon  
  32  3:07  Forge x2  
  32  3:09  Warp Gate  
  32  3:10  Forge  
  32  3:15  Stalker (Chrono Boost)  
  34  3:48  Pylon  
  32  3:59  Probe x2  
  32  4:00  Protoss Ground Weapons Level 1 (Chrono Boost), Protoss Ground Armor Level 1 (Chrono Boost)  
  34  4:11  Probe  
  34  4:13  Probe  
  36  4:23  Probe  
  37  4:25  Probe  
  36  4:32  Sentry  
  36  4:37  Pylon  
  38  4:41  Robotics Bay  
  38  4:43  Gateway  
  38  4:46  Gateway  
  38  4:52  Probe x2  
  40  4:56  Assimilator  
  40  4:59  Warp Prism (Chrono Boost)  
  42  5:03  Sentry  
  42  5:04  Probe (Chrono Boost)  
  42  5:05  Probe (Chrono Boost)  
  46  5:08  Pylon  
  46  5:13  Pylon  
  46  5:16  Probe (Chrono Boost)  
  46  5:17  Probe (Chrono Boost)  
  48  5:24  Probe x2 (Chrono Boost)  
  48  5:28  Twilight Council  
  50  5:33  Probe  
  50  5:34  Probe  
  52  5:38  Gateway  
  52  5:42  Gateway  
  51  5:43  Gateway  
  51  5:46  Gateway  
  51  5:59  Pylon  
  51  6:06  Blink  
  51  6:07  Protoss Ground Weapons Level 2 (Chrono Boost)  
  51  6:11  Protoss Ground Armor Level 2 (Chrono Boost)  
  51  6:35  Stalker x2  
  51  6:36  Stalker  
  55  6:43  Immortal (Chrono Boost)  
  57  6:59  Zealot x2  
  59  7:08  Zealot  
  57  7:10  Stalker  
  57  7:11  Stalker x3  
  59  7:29  Stalker  
  55  7:38  Stalker x3  
  55  7:39  Stalker x3  
  67  7:50  Probe x2  
  69  8:02  Probe  
  74  8:18  Gateway  
Tags
 
Add a new tag
Caveats
  • Supply blocks, unpowered buildings, or Contaminate may cause inaccurate times.
  • Supply counts are checked every 10 seconds.